 Dungeon Crawl Stone Soup version 0.27.1-33-g824d729ab1 (webtiles) character file.

Game seed: 10550521060558698437

765 sking99 the Stinger (level 7, -1/36 HPs)
             Began as a Spriggan Venom Mage on Dec 11, 2021.
             Was a Believer of Vehumet.
             Slain by a frilled lizard (2 damage)
             ... in a sewer on Dec 17, 2021.
             The game lasted 00:29:23 (10240 turns).

sking99 the Stinger (Spriggan Venom Mage)          Turns: 10240, Time: 00:29:23

Health: -1/36      AC:  3    Str:  6    XL:     7   Next: 51%
Magic:  0/15       EV: 17    Int: 16    God:    Vehumet [**....]
Gold:   71         SH:  0    Dex: 16    Spells: 5/16 levels left

rFire    . . .     SeeInvis +   m - +1 dagger (drain)
rCold    . . .     Faith    .   (shield restricted)
rNeg     . . .     Spirit   .   a - +0 robe
rPois    .         Reflect  .   (helmet restricted)
rElec    .         Harm     .   d - +0 cloak
rCorr    .         Rampage  .   (gloves unavailable)
Will     +....                  (boots unavailable)
Stlth    ++........             (no amulet)
HPRegen  0.12/turn              (no ring)
MPRegen  0.14/turn              (no ring)

@: very quick
A: very small, no large weapons, unfitting armour, see invisible, speed 3
a: Renounce Religion


You were in a sewer.
You worshipped Vehumet.
Vehumet was pleased with you.
You visited 2 branches of the dungeon, and saw 6 of its levels.
You also visited: Sewer.

You collected 153 gold pieces.
You spent 82 gold pieces at shops.

Inventory:

Hand Weapons
 m - a +1 dagger of draining (weapon)
Armour
 a - a +0 robe (worn)
 d - a +0 cloak (worn)
Jewellery
 g - an amulet of guardian spirit
Wands
 e - a wand of iceblast (5)
Scrolls
 h - a scroll of amnesia
 n - a scroll of torment {unknown}
 o - a scroll of brand weapon {unknown}
 p - a scroll of teleportation {unknown}
Potions
 b - a potion of cancellation {unknown}
 c - a potion of mutation {unknown}
 f - a potion of brilliance {unknown}
 j - a potion of heal wounds {unknown}
 k - 2 potions of lignification


   Skills:
 + Level 3.1 Fighting
 - Level 2.6 Dodging
 - Level 3.0 Stealth
 - Level 5.0 Spellcasting
 + Level 1.3 Conjurations
 - Level 2.0 Transmutations
 + Level 3.4 Air Magic
 + Level 5.1 Poison Magic


You had 5 spell levels left.
You knew the following spells:

 Your Spells              Type           Power      Damage    Failure   Level
a - Sting                 Tmut/Pois      60%        1d6       3%          1
b - Poisonous Vapours     Pois/Air       34%        N/A       4%          2
c - Freeze                Ice            16%        1d4       16%         1
d - Olgreb's Toxic Radia  Pois           20%        N/A       19%         4
e - Mephitic Cloud        Conj/Pois/Air  14%        N/A       12%         3

Your spell library contained the following spells:

 Spells                   Type           Power      Damage    Failure   Level
 Searing Ray              Conj           16%        3d3       13%         2


Dungeon Overview and Level Annotations

Branches:
Dungeon (5/15)             Temple (1/1) D:4           Sewer (1/1)

Altars:
Ashenzari
Cheibriados
Dithmenos
Elyvilon
Fedhas
Gozag
Hepliaklqana
Kikubaaqudgha
Makhleb
Nemelex Xobeh
Okawaru
Qazlal
Ru
Sif Muna
Trog
Uskayaw
Vehumet
Wu Jian
Xom
Zin
The Shining One

Shops:
D:3 ?   D:4 =

Annotations:
D:5 1 transporter


Innate Abilities, Weirdness & Mutations

You are very small and have problems with some larger weapons.
You are too small for most types of armour.
You have supernaturally acute eyesight. (SInv)
You cover ground extremely quickly. (Speed+++)


Message History

Aim: a bullfrog (lightly wounded, poisoned, 67% to hit)
The sting hits the bullfrog.
The bullfrog looks even sicker.
The bullfrog is moderately wounded.
The bullfrog hits you but does no damage.
Casting: Sting (safe; 3% risk of failure)
Confirm with . or Enter, or press ? or * to list all spells.
Aiming: Sting (safe; 3% risk of failure)
Press: ? - help, Shift-Dir - straight line, f/p - bullfrog
Aim: a bullfrog (moderately wounded, very poisoned, 67% to hit)
The sting hits the bullfrog.
The bullfrog looks even sicker.
The bullfrog is moderately wounded.
The bullfrog barely misses you. x2
You closely miss the bullfrog.
The bullfrog is moderately wounded.
The bullfrog completely misses you.
You feel better.
The bullfrog hits you but does no damage.
The bullfrog closely misses you.
You hit the bullfrog.
The bullfrog is heavily wounded.
The bullfrog misses you. The frilled lizard closely misses you.
You closely miss the bullfrog.
The bullfrog is heavily wounded.
The bullfrog hits you!
* * * LOW HITPOINT WARNING * * *
The frilled lizard bites you.
* * * LOW HITPOINT WARNING * * *
The bullfrog hits you.
* * * LOW HITPOINT WARNING * * *
Casting: Sting (safe; 3% risk of failure)
Confirm with . or Enter, or press ? or * to list all spells.
Aiming: Sting (safe; 3% risk of failure)
Press: ? - help, Shift-Dir - straight line, f - frilled lizard, p - bullfrog
Aim: a frilled lizard (57% to hit)
The sting hits the frilled lizard.
The frilled lizard is poisoned.
The frilled lizard is heavily wounded.
The bullfrog hits you.
* * * LOW HITPOINT WARNING * * *
The frilled lizard bites you.
You die...

≈#.##≈≈#≈≈≈≈.$..≈#≈.#≈.#
≈#†#.≈≈#≈≈l.≈.≈≈≈#≈≈#≈≈#
.#†#∩≈≈#≈≈≈≈≈≈≈≈≈#≈≈#≈≈#
.#≈#≈≈.##≈≈≈≈≈≈≈##≈≈#≈≈#
≈#≈###≈≈# #≈≈##≈≈#
≈#≈.≈#≈≈## ##≈.#≈≈.#
†##≈≈#≈≈≈## ##≈≈≈#≈≈##
.≈#≈≈##≈≈≈#####l≈≈##≈.#
∩.#≈.≈#≈≈≈.≈≈≈≈F@≈#≈≈.#
..##≈≈##≈.≈≈≈.≈≈≈##.≈##
#.≈#≈≈≈##≈≈≈≈≈.≈##≈≈.#
#.≈#≈≈.≈###.≈≈###≈†..#
##∩##.≈≈≈≈#####≈...≈##
#####≈≈≈≈≈.†≈≈.≈≈≈##
##≈≈.≈≈≈≈.≈≈≈##
###.≈.≈≈≈.### #########


You could see a bullfrog (very poisoned) and a frilled lizard (poisoned).

Vanquished Creatures
  A black bear (D:4)
  An ogre (D:4)
  A bullfrog (Sewer)
  An orc priest (D:4)
  A centaur skeleton (D:4)
  A hound (D:4)
  Natasha (thrice) (D:2)
  An orc wizard (D:4)
  Robin (D:2)
  8 gnolls (D:4)
  7 adders
  An adder skeleton (D:4)
  4 worms
  5 dart slugs
  9 orcs
  16 ball pythons
  18 endoplasms
  14 giant cockroaches
  15 goblins
  10 hobgoblins
  4 kobolds
  17 quokkas
  6 bats
  13 frilled lizards
  2 rats (D:1)
160 creatures vanquished.

Notes
Turn   | Place    | Note
-------+----------+-------------------------------------------
     0 | D:1      | sking99 the Spriggan Venom Mage began the quest for the
                  | Orb.
     0 | D:1      | Reached XP level 1. HP: 9/9 MP: 5/5
   255 | D:1      | Found a faded altar of an unknown god.
   259 | D:1      | Reached XP level 2. HP: 14/14 MP: 2/6
   475 | D:1      | Learned a level 2 spell: Poisonous Vapours
  1140 | D:2      | Reached XP level 3. HP: 17/17 MP: 0/8
  1313 | D:2      | Reached skill level 1 in Fighting
  1379 | D:2      | Noticed Natasha
  1398 | D:2      | Killed Natasha
  1399 | D:2      | Reached skill level 1 in Air Magic
  1583 | D:2      | Noticed Natasha
  2074 | D:2      | Reached XP level 4. HP: 22/22 MP: 1/10
  2330 | D:2      | Killed Natasha
  2780 | D:2      | Noticed Natasha
  2949 | D:2      | Killed Natasha
  2950 | D:2      | Reached XP level 5. HP: 7/26 MP: 2/11
  3590 | D:2      | Noticed Robin
  3609 | D:2      | Killed Robin
  5284 | D:3      | Found Xinytext's Magic Scroll Emporium.
  5411 | D:3      | Bought a scroll of blinking for 82 gold pieces
  5738 | D:4      | Noticed a black bear
  5738 | D:4      | Found Echoix's Jewellery Shop.
  6410 | D:4      | Reached XP level 6. HP: 30/30 MP: 2/13
  6508 | D:4      | Found a staircase to the Ecumenical Temple.
  6517 | Temple   | Entered the Ecumenical Temple
  6588 | Temple   | Became a worshipper of Vehumet
  7275 | D:4      | Reached skill level 5 in Spellcasting
  7402 | D:4      | Learned a level 3 spell: Mephitic Cloud
  7407 | D:4      | Learned a level 4 spell: Olgreb's Toxic Radiance
  7768 | D:4      | Reached XP level 7. HP: 35/35 MP: 1/15
  8404 | D:5      | Entered Level 5 of the Dungeon
  8480 | D:5      | Found a transporter.
  8676 | D:5      | Found a glowing drain.
  8696 | D:5      | Reached * piety under Vehumet
  8696 | D:5      | Offered knowledge of Freeze by Vehumet.
  8699 | D:5      | Learned a level 1 spell: Freeze
  8710 | Sewer    | Entered a sewer
  8728 | Sewer    | Reached skill level 1 in Conjurations
  9311 | Sewer    | Reached skill level 5 in Poison Magic
  9665 | Sewer    | Reached ** piety under Vehumet
  9665 | Sewer    | Offered knowledge of Searing Ray by Vehumet.
 10240 | Sewer    | HP: 1/36 [bullfrog (2)]
 10240 | Sewer    | Slain by a frilled lizard

Illustrated notes

Levels and vault maps discovered:
D:1:      lightli_arrival_farm, layout_basic,
          shapermc_ecumenical_altar_starsandcircs
D:2:      layout_loops_ring, uniq_natasha, uniq_robin
D:3:      layout_rooms, serial_shops, shop
D:4:      layout_basic, minmay_temple_entry_water_ring, serial_shops,
          nicolae_stop_n_shop_1
D:5:      gammafunk_cloud_chamber, layout_basic, gup_sewer_entry_pipe,
          minmay_diced_spiral
Temple:   dpeg_three_leaves_temple
Sewer:    sewer_frog_island_02

Skill      XL: |  1  2  3  4  5  6  7 |
---------------+----------------------+-----
Spellcasting   | 3 4 5 |  5.0
Transmutations | 2 |  2.0
Fighting       | 1 2 3 |  3.1
Air Magic      | 1 2 3 |  3.4
Poison Magic   | 4 5 |  5.1
Conjurations   | 1 |  1.3
Dodging        | |  2.6
Stealth        | |  3.0

Action                   |  1- 3 |  4- 6 |  7- 9 || total
-------------------------+-------+-------+-------++-------
Melee: Dagger            |       |    63 |    48 ||   111
 Cast: Sting             |    37 |    24 |    46 ||   107
       Poisonous Vapours |    29 |   163 |   105 ||   297
       Olgreb's Toxic Ra |       |       |     1 ||     1
       Freeze            |       |       |     1 ||     1
  Use: Scroll            |       |     3 |     1 ||     4
       Potion            |       |       |     1 ||     1
 Stab: Sleeping          |       |     1 |     1 ||     2
Armor: Robe              |     3 |    14 |    13 ||    30
Dodge: Dodged            |    15 |    84 |    85 ||   184
